 Dungeon Crawl Stone Soup version 0.27.1-34-g3ba077fa99 (console) character file.

Game seed: 7695744521522602579

1658878 Banquo the Conqueror (level 27, 224/224 HPs)
             Began as a Formicid Fighter on Feb 1, 2022.
             Was the Champion of Nemelex Xobeh.
             Escaped with the Orb
             ... and 3 runes on Feb 4, 2022!
             The game lasted 08:42:21 (78644 turns).

Banquo the Conqueror (Formicid Fighter)            Turns: 78644, Time: 08:42:21

Health: 224/224    AC: 42    Str: 33    XL:     27
Magic:  29/29      EV: 14    Int: 13    God:    Nemelex Xobeh [******]
Gold:   5068       SH: 31    Dex: 17    Spells: 26/26 levels left

rFire    + + +     SeeInvis +   b - +8 exec axe {vorpal, rPois rCorr Dex-3}
rCold    + . .     Faith    .   i - +4 tower shield of Fortification {rElec rF+ Int+4}
rNeg     + . .     Spirit   .   d - +7 gold dragon scales
rPois    +         Reflect  .   (helmet unavailable)
rElec    +         Harm     .   e - +2 cloak {rCorr}
rCorr    +         Rampage  .   g - +0 pair of fencer's gloves {Riposte Dex+3}
Will     ++...                  f - +2 pair of boots of the King of the Hill {Contam Regen+ Dex+6}
Stlth    ..........             o - amulet of regeneration
HPRegen  2.47/turn              K - ring of the Sparrow {rN+ Slay+3}
MPRegen  0.21/turn              x - ring of the Octopus King {rF+ AC+1 EV+1 Str+1 Int+1 Dex+1}

@: studying Poison Magic
A: permanent stasis, dig shafts and tunnels, antennae 3, four strong arms, frail
1, low mp 2, shaggy fur 1, weak 1
0: Orb of Zot
}: 3/15 runes: serpentine, barnacled, silver
a: Dig, Shaft Self, Renounce Religion, Draw Escape, Draw Destruction, Draw
Summoning, Draw Stack, Triple Draw, Deal Four, Stack Five


You escaped.
You worshipped Nemelex Xobeh.
Nemelex Xobeh was exalted by your worship.
You visited 10 branches of the dungeon, and saw 50 of its levels.
You also visited: Sewer and Desolation.

You collected 8272 gold pieces.
You spent 3204 gold pieces at shops.

Inventory:

Hand Weapons
 a - a +9 vampiric executioner's axe
 b - the +8 executioner's axe "Mackia" (weapon) {vorpal, rPois rCorr Dex-3}
   (You acquired it on level 5 of the Depths)

   It inflicts extra damage upon your enemies.
   Dex:       It affects your dexterity (-3).
   rPois:     It protects you from poison.
   rCorr:     It protects you from acid and corrosion.
 c - the +6 arbalest "Damnation" {damnation}
   (You found it on level 3 of the Elven Halls)

   Any ammunition fired from it explodes in a burst of damnation on striking a
   foe, dealing damage which bypasses armour.
 n - a +4 vorpal demon trident
 u - a +3 battleaxe of flaming
 z - the +2 battleaxe "Kawnog" {freeze, rC+}
   (You took it off a deep elf death mage on level 5 of the Vaults)

   It freezes those it strikes, dealing additional cold damage.
   It can also slow down cold-blooded creatures.
   rC:        It protects you from cold.
 T - a +5 vampiric trident
Missiles
 q - 1737 bolts
 y - 76 boomerangs
 R - 26 throwing nets
Armour
 d - +7 gold dragon scales (worn)
 e - a +2 cloak of preservation (worn)
 f - the +2 pair of boots of the King of the Hill (worn) {Contam Regen+ Dex+6}
   (You found it on level 5 of the Depths)

   Dex:       It affects your dexterity (+6).
   Contam:    It causes magical contamination when unequipped.
   Regen:     It increases your rate of health regeneration.
 g - the +0 pair of fencer's gloves (worn) {Riposte Dex+3}
   (You took it off Nikola on level 1 of the Depths)

   It allows the wearer to riposte with any weapon, or to riposte more often
   with a long blade, swiftly retaliating against a missed attack.
   Dex:       It affects your dexterity (+3).
 i - the +4 tower shield of Fortification (worn) {rElec rF+ Int+4}
   (You acquired it on level 13 of the Dungeon)

   Int:       It affects your intelligence (+4).
   rF:        It protects you from fire.
   rElec:     It insulates you from electricity.
 r - a +0 cloak of willpower
Jewellery
 o - an amulet of regeneration (around neck)
 w - the ring of Impatience {Fire Will++ Dex-2}
   (You acquired it on level 5 of the Depths)

   [ring of fire]

   It enhances your fire magic.
   Dex:       It affects your dexterity (-2).
   rF:        It protects you from fire.
   rC:        It makes you vulnerable to cold.
   Will:      It greatly increases your willpower.
 x - a ring of the Octopus King (right hand) {rF+ AC+1 EV+1 Str+1 Int+1 Dex+1}
   (You found it on level 4 of the Depths)

   [ring of protection from fire]

   AC:        It affects your AC (+1).
   EV:        It affects your evasion (+1).
   Str:       It affects your strength (+1).
   Int:       It affects your intelligence (+1).
   Dex:       It affects your dexterity (+1).
   rF:        It protects you from fire.
 A - a +4 ring of protection
 C - the ring "Quiqaci" {rElec rC++ Str-3 Int+3 SInv}
   (You found it in the Desolation of Salt)

   [ring of see invisible]

   Str:       It affects your strength (-3).
   Int:       It affects your intelligence (+3).
   rC:        It greatly protects you from cold.
   rElec:     It insulates you from electricity.
   SInv:      It lets you see invisible.
 K - the ring of the Sparrow (left hand) {rN+ Slay+3}
   (You bought it in a shop on level 1 of the Depths)

   [ring of positive energy]

   Slay:      It affects your accuracy & damage with ranged weapons and melee
   (+3).
   rN:        It protects you from negative energy.
 L - a ring of flight
Wands
 v - a wand of acid (33)
 B - a wand of iceblast (68)
 D - a wand of polymorph (14)
 J - a wand of flame (25)
 N - a wand of digging (16)
 W - a wand of mindburst (33)
Scrolls
 h - 3 scrolls of identify
 l - a scroll of summoning
 m - a scroll of magic mapping
 p - 5 scrolls of silence
 t - a scroll of brand weapon
 E - 10 scrolls of noise
 G - 9 scrolls of fear
 I - 2 scrolls of holy word
 S - 5 scrolls of fog
Potions
 j - 6 potions of cancellation
 k - 14 potions of heal wounds
 s - 18 potions of curing
 F - 6 potions of invisibility
 H - 5 potions of might
 M - 6 potions of mutation
 O - 5 potions of flight
 P - 2 potions of magic
 Q - 11 potions of ambrosia
 U - a potion of resistance
Miscellaneous
 X - a phial of floods
 Y - a box of beasts
 Z - a phantom mirror


   Skills:
 O Level 27 Fighting
 - Level 26.0 Axes
 - Level 7.0 Crossbows
 * Level 21.5 Armour
 * Level 11.6 Dodging
 * Level 24.3 Shields
 * Level 19.1 Invocations


You had 26 spell levels left.
You didn't know any spells.
Your spell library contained the following spells:

 Spells                   Type           Power      Damage    Failure   Level
 Animate Skeleton         Necr           0%         N/A       92%         1
 Apportation              Tloc           0%         N/A       92%         1
 Corona                   Hex            0%         N/A       92%         1
 Foxfire                  Conj/Fire      0%         2x1d4     92%         1
 Magic Dart               Conj           0%         1d3       92%         1
 Pain                     Necr           0%         1d4       92%         1
 Sandblast                Erth           0%         2d4       92%         1
 Shock                    Conj/Air       0%         1d3       92%         1
 Summon Small Mammal      Summ           0%         N/A       92%         1
 Call Imp                 Summ           0%         N/A       98%         2
 Corpse Rot               Necr/Air       N/A        N/A       98%         2
 Ensorcelled Hibernation  Hex/Ice        0%         N/A       98%         2
 Passwall                 Tmut/Erth      0%         N/A       98%         2
 Slow                     Hex            0%         N/A       98%         2
 Static Discharge         Conj/Air       0%         N/A       98%         2
 Call Canine Familiar     Summ           0%         N/A       100%        3
 Confusing Touch          Hex            0%         N/A       100%        3
 Conjure Flame            Conj/Fire      0%         6-21      100%        3
 Dazzling Flash           Conj/Hex       0%         N/A       100%        3
 Frozen Ramparts          Ice            0%         1d2       100%        3
 Gell's Gravitas          Tloc           0%         N/A       100%        3
 Ignite Poison            Fire/Tmut/Pois 0%         N/A       100%        3
 Inner Flame              Hex/Fire       0%         N/A       100%        3
 Lesser Beckoning         Tloc           0%         N/A       100%        3
 Mephitic Cloud           Conj/Pois/Air  0%         N/A       100%        3
 Portal Projectile        Hex/Tloc       0%         N/A       100%        3
 Spider Form              Tmut/Pois      0%         N/A       100%        3
 Stone Arrow              Conj/Erth      0%         3d7       100%        3
 Summon Guardian Golem    Hex/Summ       0%         N/A       100%        3
 Teleport Other           Tloc           0%         N/A       100%        3
 Tukima's Dance           Hex            0%         N/A       100%        3
 Airstrike                Air            0%         N/A       100%        4
 Animate Armour           Summ/Erth      0%         N/A       100%        4
 Animate Dead             Necr           0%         N/A       100%        4
 Dispel Undead            Necr           0%         3d6       100%        4
 Fulminant Prism          Conj/Hex       0%         3d6       100%        4
 Ice Form                 Ice/Tmut       0%         N/A       100%        4
 Iskenderun's Mystic Bla  Conj/Tloc      0%         2d3       100%        4
 Leda's Liquefaction      Hex/Erth       0%         N/A       100%        4
 Olgreb's Toxic Radiance  Pois           0%         N/A       100%        4
 Passage of Golubria      Tloc           N/A        N/A       100%        4
 Petrify                  Tmut/Erth      0%         N/A       100%        4
 Sticky Flame             Conj/Fire      0%         2d3       100%        4
 Summon Ice Beast         Ice/Summ       0%         N/A       100%        4
 Summon Lightning Spire   Summ/Air       0%         N/A       100%        4
 Agony                    Necr           0%         N/A       100%        5
 Alistair's Intoxication  Tmut/Pois      0%         N/A       100%        5
 Blade Hands              Tmut           0%         N/A       100%        5
 Bolt of Magma            Conj/Fire/Erth 0%         4d4       100%        5
 Borgnjor's Vile Clutch   Necr/Erth      0%         N/A       100%        5
 Excruciating Wounds      Necr           0%         N/A       100%        5
 Fireball                 Conj/Fire      0%         3d3       100%        5
 Lee's Rapid Deconstruct  Erth           0%         3d5*      100%        5
 Lightning Bolt           Conj/Air       0%         1d11      100%        5
 Manifold Assault         Tloc           0%         N/A       100%        5
 Metabolic Englaciation   Hex/Ice        0%         N/A       100%        5
 Silence                  Hex/Air        0%         N/A       100%        5
 Summon Mana Viper        Hex/Summ       0%         N/A       100%        5
 Yara's Violent Unravell  Hex/Tmut       0%         3d3       100%        5
 Death Channel            Necr           0%         N/A       100%        6
 Dispersal                Tloc           0%         N/A       100%        6
 Eringya's Noxious Bog    Tmut/Pois      0%         N/A       100%        6
 Iron Shot                Conj/Erth      0%         9d1       100%        6
 Shadow Creatures         Summ           N/A        N/A       100%        6
 Starburst                Conj/Fire      0%         6d3       100%        6
 Statue Form              Tmut/Erth      0%         N/A       100%        6
 Monstrous Menagerie      Summ           0%         N/A       100%        7
 Orb of Destruction       Conj           0%         N/A       100%        7
 Ozocubu's Refrigeration  Ice            0%         4d5       100%        7
 Spellforged Servitor     Conj/Summ      0%         N/A       100%        7
 Storm Form               Tmut/Air       0%         N/A       100%        7
 Discord                  Hex            0%         N/A       100%        8
 Ignition                 Fire           0%         3d3       100%        8
 Lehudib's Crystal Spear  Conj/Erth      0%         10d2      100%        8
 Maxwell's Capacitive Co  Air            0%         ∞         100%        8
 Chain Lightning          Conj/Air       0%         N/A       100%        9
 Fire Storm               Conj/Fire      0%         5d1       100%        9
 Swiftness                Air            Unusable   N/A       N/A         3

Dungeon Overview and Level Annotations

Branches:
Dungeon (15/15)            Temple (1/1) D:4            Lair (6/6) D:9
 Shoals (4/4) Lair:3        Snake (4/4) Lair:2        Slime (0/5) Lair:5
    Orc (2/2) D:11            Elf (3/3) Orc:2        Vaults (5/5) D:13
  Crypt (0/3) Vaults:2     Depths (5/5) D:15            Zot (5/5) Depths:5
  Sewer (visited)         Desolation (visited)

Altars:
Ashenzari
Cheibriados
Dithmenos
Elyvilon
Fedhas
Gozag
Hepliaklqana
Kikubaaqudgha
Makhleb
Nemelex Xobeh
Okawaru
Qazlal
Ru
Sif Muna
Trog
Uskayaw
Vehumet
Wu Jian
Xom
Yredelemnul
Zin
The Shining One
Lugonu

Shops:
D:4 (   D:8 (!   Orc:2 *[:(:(   Vaults:1 *   Vaults:3 (   Vaults:4 (
Depths:1 ::=   Depths:2 [

Portals:
Hell: Lair:6 Depths:1 Depths:2 Depths:3 Depths:4 Depths:5
Abyss: Depths:3 Depths:4 Depths:5
Pandemonium: Depths:2 Depths:3
Ziggurat: Depths:2
Trove: Depths:2 (give 19 potions of curing)

Annotations:
Elf:2 3 runed translucent doors


Innate Abilities, Weirdness & Mutations

You cannot be hasted, slowed, berserked, paralysed or teleported.
You can dig through walls and to a lower floor.
You have a pair of large antennae on your head. (SInv)
Your four strong arms can wield two-handed weapons with a shield.
You are frail. (-10% HP)
Your magical capacity is very low. (-20% MP)
You are covered in fur. (AC +1)
You are weak. (Str -2)


Message History

The cherub is lightly wounded.
You block the cherub's attack.
The cherub pecks you but does no damage.
You closely miss the cherub.
The cherub is lightly wounded.
You block the cherub's attack. x2
You carve the cherub like a ham!!!
The cherub is almost dead.
You slice the cherub!!
You kill the cherub!
An Ice Fiend comes into view.
You slash the Ice Fiend!
The Ice Fiend is lightly wounded.
You block the Ice Fiend's attack. x2
You slice the Ice Fiend!!
The Ice Fiend is heavily wounded.
You slice the Ice Fiend!!
The Ice Fiend is almost dead.
The Ice Fiend calls on the powers of darkness!
Your body is wracked with pain!
You slice the Ice Fiend!!
You kill the Ice Fiend!
You feel your intelligence returning.
Items here: ( ))))) [[[[[.
Okay, then.
There is a staircase leading out of the dungeon here.
Enter note: Woot!
Unknown command.
You start resting.
HP restored.
Okay, then.
Unknown command.
Unknown command.
You have escaped!

........#...........###.# #.
#########...........# #.# ##
#..............# #.#######
#.##..........####.......#
#..............A......##.###
#...#####......####...##.##.
#..#.......####....#..##.##.
#...##....#......##..###.##.
###...#....@.#..#...####.##.
###..#####.#.#..........'.
##.......#....##.######.
###.#...#....#)## #.
#.#...#..####.# #.
#..#.#...# ### #. ##..#....#
#. ##[....## #. ##...## #.


There were no monsters in sight!

Vanquished Creatures
  A pandemonium lord (Depths:2)
  A seraph (D:1)
  2 dread liches (Zot:5)
  4 ancient liches
  3 orbs of fire (Zot:5)
  A juggernaut (Depths:5)
  4 Killer Klowns
  3 curse toes (Zot:3)
  A profane servitor (D:6)
  Nikola (Depths:1)
  16 golden dragons
  An electric golem (Zot:5)
  17 tentacled monstrosities
  2 Ice Fiends
  27 Orb Guardians
  The ghost of DildoBatman the Earth Mage, an adept FoCj of Gozag (Shoals:3)
  8 liches
  A deep elf blademaster (Elf:3)
  The ghost of Lyfunof the Scorcher, an adept DrFE of Okawaru (Shoals:2)
  4 titans
  13 quicksilver dragons
  5 death cobs
  A kraken (Shoals:1)
  3 deep elf master archers (Elf:3)
  Polyphemus (Shoals:2)
  10 sphinxes
  An Executioner (Depths:2)
  The ghost of Zipteul the Fencer, an adept NaBe of Trog (Lair:3)
  7 tengu reavers
  10 storm dragons
  12 shadow dragons
  The ghost of Kehia the Scorcher, an adept DrWn of Okawaru (Shoals:2)
  7 draconian monks
  2 warmongers
  The ghost of Liimbo the Severer, an adept FoWn of the Shining One (Shoals:1)
  Donald (Shoals:2)
  The ghost of Holunun the Cleaver, an adept GnNe of Makhleb (Shoals:2)
  2 fire giants (shapeshifter)
  10 nagarajas
  9 fire giants
  A daeva (D:1)
  10 frost giants
  Aizul (Snake:4)
  9 deep elf sorcerers
  18 vault wardens
  2 ghost moths
  2 orc warlords
  5 draconian knights
  4 iron dragons
  A cacodemon (Depths:3)
  6 imperial myrmidons (Desolation)
  3 deep elf elementalists (Elf:3)
  5 draconian scorchers
  An angel (D:1)
  5 draconian shifters
  A ghoul (Vaults:2)
  25 ironbound preservers
  16 very ugly things
  2 war gargoyles (Vaults:5)
  10 draconian annihilators
  A quicksilver ooze (shapeshifter) (Depths:2)
  5 vampire knights
  A spriggan defender (Depths:4)
  21 stone giants
  3 reapers
  12 black draconians
  11 dire elephants
  6 deep elf demonologists
  11 green draconians
  An entropy weaver (shapeshifter) (D:14)
  12 white draconians
  15 purple draconians
  10 yellow draconians
  An entropy weaver (Vaults:4)
  2 minotaurs
  10 red draconians
  14 deep elf annihilators
  8 spark wasps
  11 ettins
  A merfolk javelineer (Depths:2)
  A crystal guardian (Desolation)
  11 deep elf death magi
  An eleionoma (shapeshifter) (Vaults:5)
  11 fire dragons
  3 deep elf high priests
  4 merfolk impalers
  11 ragged hierophants (Desolation)
  2 jiangshi (Vaults:2)
  5 great orbs of eyes
  13 yaktaur captains
  23 naga warriors
  Fannar (D:11)
  2 servants of whispers (Desolation)
  6 ironbound thunderhulks
  36 vault guards
  5 hydras
  A monstrous demonspawn (Depths:2)
  6 rakshasas
  15 ice dragons
  2 merfolk avatars
  10 two-headed ogres
  2 salamander tyrants
  13 satyrs
  6 peacekeepers (Desolation)
  5 spriggan air magi
  14 centaur warriors
  7 anacondas
  5 boulder beetles
  An alligator snapping turtle (Snake:4)
  7 ironbound frosthearts
  9 dancing weapons
  4 catoblepae
  5 ogre magi
  3 merfolk aquamancers
  10 deep troll earth magi
  6 vampire magi
  5 death yaks
  4 deep troll shamans
  A satyr (shapeshifter) (Vaults:5)
  4 hell hogs (D:6)
  14 ironbound beastmasters
  13 tengu warriors
  A shock serpent (shapeshifter) (Depths:4)
  5 spriggan berserkers
  8 orc high priests
  8 shock serpents
  2 spriggans (Depths:3)
  3 hell knights
  13 naga sharpshooters
  16 deep elf knights
  10 salamander mystics
  2 iron trolls
  14 sea snakes
  3 death drakes
  A goliath frog (Depths:5)
  A goliath frog (shapeshifter) (Depths:3)
  2 infernal demonspawn
  A cherub (D:1)
  66 deep trolls
  A torturous demonspawn (Depths:2)
  6 naga ritualists
  2 death drakes (shapeshifter)
  4 flayed ghosts
  8 deep elf archers
  4 glowing orange brains
  14 lindwurms
  10 wizards
  A sphinx zombie (Depths:3)
  23 ironbound convokers
  A necromancer (Depths:3)
  9 orc knights
  31 harpies
  28 deep elf pyromancers
  6 phantasmal warriors
  21 deep elf zephyrmancers
  A wolf spider (Vaults:5)
  3 orc sorcerers (Orc:2)
  8 mana vipers
  A fire giant zombie (Depths:3)
  5 cyclopes
  26 ugly things
  A sphinx skeleton (Depths:3)
  17 manticores
  30 salamanders
  A faun (shapeshifter) (Elf:2)
  17 fauns
  36 black mambas
  27 moths of wrath
  10 guardian serpents
  19 vault sentinels
  6 merfolk sirens
  3 elephants (Lair:6)
  A guardian serpent (shapeshifter) (Depths:3)
  8 water nymphs
  5 torpor snails
  2 rust devils
  16 naga magi
  14 cane toads
  An unseen horror (D:11)
  An orange demon (Depths:3)
  4 freezing wraiths
  8 komodo dragons
  An efreet (D:15)
  A kobold demonologist (D:13)
  A tormentor (D:6)
  40 yaktaurs
  2 hellwings
  4 ice devils
  A demonic crawler (D:15)
  8 tengu conjurers
  A jumping spider (Vaults:4)
  6 rime drakes
  5 trolls
  A queen bee (shapeshifter) (Vaults:5)
  4 hornets
  A queen bee (Lair:2)
  34 merfolk
  6 red devils
  A jumping spider (shapeshifter) (Elf:2)
  6 wind drakes
  61 saltlings (Desolation)
  6 dream sheep (Lair:4)
  A raiju (shapeshifter) (Vaults:5)
  9 blink frogs
  10 snapping turtles
  43 slime creatures
  An ettin skeleton (Depths:3)
  14 water elementals
  5 air elementals
  A ynoxinul (Depths:3)
  A redback (Vaults:4)
  6 basilisks
  A large abomination (Depths:5)
  Grum (D:11)
  2 wyverns
  9 fire elementals
  3 fire bats (Depths:4)
  52 yaks
  3 wraiths
  Menkaure (D:4)
  2 swamp worms (Lair:5)
  3 wargs
  48 nagas
  3 acid dragons
  12 water moccasins
  A hell hound (Lair:6)
  2 swamp drakes
  Purgy (Sewer)
  An ice beast (D:6)
  30 orc warriors
  6 ogres
  8 boggarts
  13 centaurs
  12 wolves
  A kobold brigand (D:7)
  10 bullfrogs
  A gnoll sergeant (D:13)
  A wyvern zombie (D:8)
  A water moccasin zombie (D:6)
  6 earth elementals
  11 killer bees
  7 wights
  An electric eel (Lair:1)
  4 howler monkeys
  A crimson imp (Orc:1)
  2 centaur zombies
  4 lava snakes (D:12)
  13 jellies
  4 hounds
  An iron imp (Orc:1)
  2 gnoll shamans
  26 orc priests
  A centaur skeleton (D:5)
  3 iguanas
  Natasha (thrice) (D:4)
  A human skeleton (D:5)
  30 orc wizards
  A killer bee zombie (D:8)
  2 hound skeletons
  A howler monkey zombie (D:6)
  A howler monkey skeleton (D:7)
  6 adders
  20 gnolls
  3 shadow imps
  5 white imps
  3 ufetubi
  2 adder skeletons (D:4)
  2 worms
  A worm (shapeshifter) (Vaults:5)
  3 dart slugs
  89 orcs
  7 ball pythons
  5 endoplasms
  4 giant cockroaches
  5 goblins
  3 hobgoblins
  A jackal (D:11)
  10 kobolds
  2 quokkas
  4 bats
  3 frilled lizards
  4 rats
  A pillar of salt (Vaults:4)
  4 tentacles (Shoals:1)
2204 creatures vanquished.

Vanquished Creatures (collateral kills)
  An electric golem (Zot:5)
  An Orb Guardian (Zot:5)
  A death cob (Zot:5)
  A shadow dragon (Depths:3)
  A fire giant (Vaults:5)
  The ghost of Labrat the Eclecticist, a journeyman DgCj (Shoals:1)
  A draconian shifter (Zot:5)
  A deep elf elementalist (Elf:3)
  A very ugly thing (Depths:3)
  A war gargoyle (Vaults:4)
  The ghost of kalagan the Thaumaturge, a journeyman DECj of Sif Muna (Elf:3)
  A great orb of eyes (Lair:3)
  A servant of whispers (Desolation)
  3 vault guards (Vaults:5)
  4 hydras
  An ogre mage (Vaults:5)
  A boulder beetle (D:14)
  A rakshasa (Depths:3)
  A peacekeeper (Vaults:4)
  A death knight (D:15)
  A satyr (Shoals:4)
  Sonja (D:11)
  A hell knight (Depths:3)
  A sixfirhy (Lair:6)
  2 phantasmal warriors (D:15)
  An ironbound convoker (Desolation)
  A deep elf zephyrmancer (Elf:3)
  2 oklob plants (Lair:3)
  A manticore (Shoals:4)
  A faun (Shoals:1)
  A guardian serpent (Desolation)
  2 black mambas
  2 komodo dragons
  2 ice devils (Lair:6)
  A guardian mummy (Depths:2)
  A red devil (Lair:6)
  5 blink frogs (Lair:6)
  An acid dragon (D:11)
  A swamp worm (Lair:5)
  4 hell hounds (Lair:6)
  An orc warrior (D:9)
  2 wolves (Lair:3)
  A bullfrog (Lair:5)
  A wight (D:9)
62 creatures vanquished.

Vanquished Creatures (others)
  An eldritch tentacle (Zot:5)
  A shadow dragon (Vaults:5)
  A draconian shifter (Zot:1)
  An ice dragon (Depths:3)
  An ogre mage (D:14)
  A hydra (Lair:4)
  A snapping turtle (Shoals:1)
  An air elemental (Elf:2)
  2 water elementals (D:14)
  5 orcs
  39 fungi
  80 plants
  11 tentacles (Shoals:1)
145 creatures vanquished.

Grand Total: 2411 creatures vanquished

Notes
Turn   | Place    | Note
-------+----------+-------------------------------------------
     0 | D:1      | Banquo the Formicid Fighter began the quest for the Orb.
     0 | D:1      | Reached XP level 1. HP: 18/18 MP: 1/1
    69 | D:1      | Found a faded altar of an unknown god.
    90 | D:1      | Reached XP level 2. HP: 6/24 MP: 2/2
   314 | D:1      | Became a worshipper of Nemelex Xobeh the Trickster
   314 | D:1      | Reached * piety under Nemelex Xobeh
   314 | D:1      | Received a gift from Nemelex Xobeh
   915 | D:2      | Reached XP level 3. HP: 29/29 MP: 3/3
  1504 | D:2      | Reached skill level 1 in Invocations
  1504 | D:2      | Reached XP level 4. HP: 37/37 MP: 4/4
  1572 | D:2      | Reached ** piety under Nemelex Xobeh
  2272 | D:3      | Found Qyoliym's Armour Emporium.
  2341 | D:3      | Reached XP level 5. HP: 42/42 MP: 6/6
  2746 | D:4      | Found a staircase to the Ecumenical Temple.
  2856 | D:4      | Noticed Natasha
  2954 | Temple   | Entered the Ecumenical Temple
  3276 | D:4      | Found Fonwuir's Weapon Shoppe.
  3403 | D:4      | Noticed Menkaure
  3403 | D:4      | Noticed an ogre
  3405 | D:4      | Banished an ogre
  3406 | D:4      | Reached XP level 6. HP: 48/48 MP: 7/7
  3416 | D:4      | Killed Menkaure
  3417 | D:4      | Reached skill level 5 in Axes
  3417 | D:4      | Reached XP level 7. HP: 53/53 MP: 8/8
  3584 | D:4      | Killed Natasha
  3672 | D:4      | Reached *** piety under Nemelex Xobeh
  3672 | D:4      | Received a gift from Nemelex Xobeh
  3740 | D:4      | Noticed Natasha
  3751 | D:4      | Killed Natasha
  3916 | D:4      | Noticed Natasha
  3937 | D:4      | Killed Natasha
  4414 | D:4      | Found Fonwuir's Weapon Shoppe.
  4439 | D:4      | Found a staircase to the Ecumenical Temple.
  4908 | D:5      | Entered Level 5 of the Dungeon
  4920 | D:5      | Reached skill level 5 in Shields
  4997 | D:5      | Reached skill level 4 in Fighting
  5274 | D:5      | Found a glowing drain.
  5286 | Sewer    | Entered a sewer
  5399 | Sewer    | Reached XP level 8. HP: 58/60 MP: 10/10
  5513 | Sewer    | Noticed Purgy
  5526 | Sewer    | Killed Purgy
  5527 | Sewer    | Reached skill level 1 in Dodging
  5695 | D:5      | Received a gift from Nemelex Xobeh
  5944 | D:5      | Identified the +3 triple crossbow of Strategic Superiority
                  | {elec, rElec Str+3}
  6302 | D:5      | Found a runed translucent door.
  6302 | D:5      | Noticed a human
  6303 | D:5      | Found a basalt altar of Yredelemnul.
  6403 | D:6      | Noticed a hornet
  6674 | D:6      | Found a white marble altar of Elyvilon.
  6797 | D:6      | Reached XP level 9. HP: 66/66 MP: 12/12
  6941 | D:6      | Received a gift from Nemelex Xobeh
  7061 | D:6      | Killed a hornet
  7062 | D:6      | Reached skill level 5 in Armour
  7062 | D:6      | Reached skill level 5 in Invocations
  7100 | D:6      | Identified the +0 robe of Xuhyt {Stlth+}
  7509 | D:6      | Reached **** piety under Nemelex Xobeh
  8056 | D:7      | Noticed a six-headed hydra
  8057 | D:7      | Killed a six-headed hydra
  8058 | D:7      | Reached skill level 5 in Fighting
  8216 | D:7      | Received a gift from Nemelex Xobeh
  9022 | D:8      | Reached XP level 10. HP: 69/74 MP: 14/14
  9095 | D:8      | Found Qorphoeg's Distillery.
  9104 | D:8      | Bought a potion of heal wounds for 50 gold pieces
  9104 | D:8      | Bought a potion of heal wounds for 50 gold pieces
  9457 | D:8      | Found Fodoliodgh's Antique Weapon Shop.
  9682 | D:8      | Received a gift from Nemelex Xobeh
  9759 | D:8      | Reached skill level 10 in Axes
  9770 | D:8      | Found Icreduw's Weapon Emporium.
 10009 | D:8      | Reached skill level 7 in Fighting
 10009 | D:8      | Reached XP level 11. HP: 86/86 MP: 14/17
 10272 | D:9      | Identified the +1 leather armour "Boty" {rPois rC++ Dex+2}
 10575 | D:9      | Received a gift from Nemelex Xobeh
 10621 | D:9      | Found a staircase to the Lair.
 10838 | D:9      | Identified the -2 quarterstaff of Integrity {elec, Str+5
                  | Int+2}
 11055 | D:9      | Reached skill level 8 in Fighting
 11221 | D:9      | Reached ***** piety under Nemelex Xobeh
 11642 | Lair:1   | Entered Level 1 of the Lair of Beasts
 11700 | Lair:1   | Found a basalt altar of Yredelemnul.
 11731 | Lair:1   | Noticed a five-headed hydra
 11743 | Lair:1   | Killed a five-headed hydra
 12015 | Lair:1   | Received a gift from Nemelex Xobeh
 12140 | Lair:1   | You fall into a shaft and drop 1 floor!
 12140 | Lair:2   | Found a staircase to the Snake Pit.
 12298 | Lair:2   | Noticed a five-headed hydra
 12300 | Lair:2   | Noticed an anaconda
 12300 | Lair:2   | a five-headed hydra changed into an anaconda
 12300 | Lair:2   | Noticed a manticore
 12300 | Lair:2   | an anaconda changed into a manticore
 12311 | Lair:2   | Killed a manticore
 12443 | Lair:2   | Reached XP level 12. HP: 89/93 MP: 18/18
 12690 | Lair:2   | Received a gift from Nemelex Xobeh
 13044 | Lair:2   | Received a gift from Nemelex Xobeh
 13783 | Lair:3   | Received a gift from Nemelex Xobeh
 13797 | Lair:3   | Found a staircase to the Shoals.
 14042 | Lair:3   | Noticed a six-headed hydra
 14049 | Lair:3   | Noticed a great orb of eyes
 14049 | Lair:3   | a six-headed hydra changed into a great orb of eyes
 14055 | Lair:3   | Killed a great orb of eyes
 14084 | Lair:3   | Received a gift from Nemelex Xobeh
 14092 | Lair:3   | Found a glowing silver altar of Zin.
 14728 | Lair:3   | Reached skill level 10 in Invocations
 14860 | Lair:4   | Noticed a four-headed hydra
 14867 | Lair:4   | Killed a four-headed hydra
 14958 | Lair:4   | Reached XP level 13. HP: 57/100 MP: 20/20
 15160 | Lair:4   | Noticed a boulder beetle
 15170 | Lair:4   | Killed a boulder beetle
 15171 | Lair:4   | Reached skill level 9 in Fighting
 15171 | Lair:4   | Reached skill level 5 in Dodging
 15171 | Lair:4   | Reached skill level 10 in Shields
 16217 | Lair:5   | Received a gift from Nemelex Xobeh
 16255 | Lair:5   | Noticed a catoblepas
 16263 | Lair:5   | Killed a catoblepas
 16602 | Lair:5   | Noticed a five-headed hydra
 16609 | Lair:5   | Noticed an eight-headed hydra
 16610 | Lair:5   | Killed a five-headed hydra
 16612 | Lair:5   | Killed an eight-headed hydra
 17124 | Lair:5   | Found a staircase to the Slime Pits.
 17229 | Lair:5   | Noticed a six-headed hydra
 17234 | Lair:5   | Killed a six-headed hydra
 17256 | Lair:5   | Received a gift from Nemelex Xobeh
 17419 | Lair:5   | Identified the +1 ring mail of Atheism {Will+ Str+3 Int+3
                  | Dex-5}
 17651 | Lair:6   | Entered Level 6 of the Lair of Beasts
 17686 | Lair:6   | Received a gift from Nemelex Xobeh
 17938 | Lair:5   | Reached XP level 14. HP: 102/109 MP: 22/22
 18158 | Lair:6   | Received a gift from Nemelex Xobeh
 18173 | Lair:6   | Reached skill level 10 in Fighting
 18494 | Lair:6   | Reached skill level 15 in Axes
 18669 | Lair:6   | Received a gift from Nemelex Xobeh
 18677 | Lair:6   | Identified a scroll of acquirement
 18678 | Lair:6   | Acquired a +8 vampiric executioner's axe
 19240 | Lair:6   | Found a burning altar of Makhleb.
 19310 | Lair:6   | Found a gateway to Hell.
 19497 | Lair:6   | Identified the ring of Qadoll {rCorr Str+4}
 19820 | D:10     | Entered Level 10 of the Dungeon
 20034 | D:10     | Received a gift from Nemelex Xobeh
 20247 | D:10     | Reached ****** piety under Nemelex Xobeh
 20486 | D:10     | Received a gift from Nemelex Xobeh
 20499 | D:10     | Found an opulent altar of Gozag.
 20590 | D:10     | Found a sacrificial altar of Ru.
 20590 | D:10     | Found a faded altar of an unknown god.
 20596 | D:10     | Found a snail-covered altar of Cheibriados.
 20598 | D:10     | Found an ancient bone altar of Kikubaaqudgha.
 20599 | D:10     | Found a glowing silver altar of Zin.
 20721 | D:11     | Found a blossoming altar of Fedhas.
 20721 | D:11     | Received a gift from Nemelex Xobeh
 20725 | D:11     | Noticed Sonja
 20726 | D:11     | Noticed Fannar
 20828 | D:11     | Found a staircase to the Orcish Mines.
 20966 | D:11     | Killed Sonja
 21185 | D:11     | Killed Fannar
 21260 | D:11     | Noticed Grum
 21268 | D:11     | Killed Grum
 21912 | D:12     | Reached XP level 15. HP: 117/117 MP: 23/23
 22367 | Orc:1    | Entered Level 1 of the Orcish Mines
 22367 | Orc:1    | Received a gift from Nemelex Xobeh
 22610 | Orc:1    | Identified the +2 hat of Xaofyics {rF++ Will- rCorr MP+9}
 23246 | Orc:1    | Received a gift from Nemelex Xobeh
 23821 | Orc:2    | Entered Level 2 of the Orcish Mines
 23821 | Orc:2    | Found Agis's Antique Armour Boutique.
 23943 | Orc:2    | Found a staircase to the Elven Halls.
 24184 | Orc:2    | Found Aeijet's Alliterative Accessories.
 24997 | Orc:2    | Found Voisefes's Antique Weapon Boutique.
 24997 | Orc:2    | Found Pealisu's Book Shoppe.
 24999 | Orc:2    | Found Riebi's Book Boutique.
 24999 | Orc:2    | Found Ure Kug Win's Antique Weapon Shoppe.
 25062 | Orc:2    | Bought a scroll of acquirement for 728 gold pieces
 25292 | D:13     | Reached skill level 11 in Fighting
 25362 | D:13     | Acquired 763 gold pieces
 25364 | D:13     | Acquired the +4 tower shield of Fortification {rElec rF+
                  | Int+4}
 25874 | D:13     | Found a gate to the Vaults.
 25875 | D:13     | Noticed an ironbound preserver
 25885 | D:13     | Killed an ironbound preserver
 26046 | D:14     | Received a gift from Nemelex Xobeh
 26134 | D:14     | HP: 2/118 [poison (dark miasma)]
 26551 | D:14     | Found a runed translucent door.
 26554 | D:14     | Noticed a storm dragon
 26556 | D:14     | Identified the +8 great sword "Tyx Pih" {elec, +Rage Will+
                  | Int+2}
 26720 | D:14     | Reached XP level 16. HP: 125/125 MP: 25/25
 26836 | D:14     | Received a gift from Nemelex Xobeh
 26974 | D:14     | Received a gift from Nemelex Xobeh
 27123 | D:14     | Received a gift from Nemelex Xobeh
 27382 | D:15     | Entered Level 15 of the Dungeon
 28014 | D:15     | Received a gift from Nemelex Xobeh
 28284 | D:15     | Noticed a frost giant
 28286 | D:15     | a frost giant changed into an eleionoma
 28293 | D:15     | Noticed a quicksilver dragon
 28293 | D:15     | an eleionoma changed into a quicksilver dragon
 28299 | D:15     | Noticed a fire giant
 28299 | D:15     | a quicksilver dragon changed into a fire giant
 28305 | D:15     | Killed a fire giant
 28489 | D:15     | Found a staircase to the Depths.
 28581 | D:14     | Killed a storm dragon
 28604 | D:14     | Identified the +1 ring mail "Omimig" {rF+ Slay+2}
 28823 | Snake:1  | Entered Level 1 of the Snake Pit
 29147 | Snake:1  | Reached XP level 17. HP: 129/131 MP: 26/26
 29854 | Snake:1  | Received a gift from Nemelex Xobeh
 30848 | Snake:2  | Received a gift from Nemelex Xobeh
 31790 | Snake:2  | Received a gift from Nemelex Xobeh
 32262 | Snake:3  | Reached skill level 12 in Fighting
 32277 | Snake:3  | Reached XP level 18. HP: 110/140 MP: 28/28
 32391 | Snake:3  | Received a gift from Nemelex Xobeh
 32564 | Snake:3  | Received a gift from Nemelex Xobeh
 33463 | Snake:4  | Entered Level 4 of the Snake Pit
 33499 | Snake:4  | Received a gift from Nemelex Xobeh
 33654 | Snake:4  | Reached skill level 15 in Shields
 33902 | Snake:4  | Noticed Aizul
 33933 | Snake:4  | Killed Aizul
 34147 | Snake:4  | Received a gift from Nemelex Xobeh
 34842 | Snake:4  | Reached skill level 10 in Armour
 35343 | Snake:4  | Identified the +8 flail "Ofouviul" {vamp, +Blink}
 35819 | Snake:4  | Got a serpentine rune of Zot
 36401 | Snake:4  | Reached XP level 19. HP: 106/147 MP: 29/29
 37410 | Elf:1    | Entered Level 1 of the Elven Halls
 37471 | Elf:1    | Gained mutation: You are dopey. (Int -2) [a neqoxec]
 37854 | Elf:1    | Reached skill level 13 in Fighting
 38315 | Elf:1    | Received a gift from Nemelex Xobeh
 38454 | Elf:1    | Reached skill level 15 in Invocations
 40022 | Elf:2    | Found a runed translucent gate.
 40022 | Elf:2    | Found a runed translucent gate.
 40023 | Elf:2    | Found a runed translucent gate.
 40294 | Elf:3    | Entered Level 3 of the Elven Halls
 40322 | Elf:3    | Received a gift from Nemelex Xobeh
 40530 | Elf:3    | Found a runed translucent door.
 40539 | Elf:3    | Reached XP level 20. HP: 156/156 MP: 31/31
 40558 | Elf:3    | Noticed kalagan's ghost (journeyman DECj)
 42559 | Elf:3    | Identified the +8 quarterstaff "Ykipeah" {antimagic, +Blink
                  | rN++ rCorr Str-2}
 42576 | Elf:3    | Reached skill level 14 in Fighting
 43763 | Elf:3    | Received a gift from Nemelex Xobeh
 43844 | Elf:3    | Found the +6 arbalest "Damnation" {damnation}
 43871 | Elf:3    | Got Sif Muna's Collected Works on the Traveller
 43892 | Elf:3    | Got Diffoc's Papyrus of Enchanting Transformation
 44481 | Elf:3    | Identified the +6 chain mail of the Albatross {rElec Will-
                  | Int+4 SInv}
 45185 | Shoals:1 | Entered Level 1 of the Shoals
 45198 | Shoals:1 | Reached skill level 1 in Crossbows
 45343 | Shoals:1 | Found a runed translucent gate.
 45438 | Shoals:1 | Reached XP level 21. HP: 165/165 MP: 32/32
 45481 | Shoals:1 | Found a runed translucent gate.
 45481 | Shoals:1 | Found a runed translucent gate.
 45481 | Shoals:1 | Noticed Labrat's ghost (journeyman DgCj)
 45781 | Shoals:1 | Reached skill level 5 in Crossbows
 45817 | Shoals:1 | Identified the +1 leather armour of Chimes {rElec rN+}
 46061 | Shoals:1 | Received a gift from Nemelex Xobeh
 46532 | Shoals:2 | Found a runed translucent gate.
 46533 | Shoals:2 | Found a runed translucent gate.
 46542 | Shoals:2 | Found a runed translucent gate.
 46542 | Shoals:2 | Noticed Holunun's ghost (adept GnNe)
 46542 | Shoals:2 | Noticed Zipteul's ghost (adept NaBe)
 46542 | Shoals:2 | Noticed Kehia's ghost (adept DrWn)
 46543 | Shoals:2 | Noticed Liimbo's ghost (adept FoWn)
 46543 | Shoals:2 | Noticed Lyfunof's ghost (adept DrFE)
 46605 | Shoals:2 | Noticed Polyphemus
 46620 | Shoals:2 | Killed Polyphemus
 46994 | Shoals:2 | Identified the +5 kite shield "Syolishre" {rPois rF- rN+
                  | SInv}
 46994 | Shoals:2 | Noticed Donald
 47013 | Shoals:2 | Killed Donald
 47225 | Shoals:2 | Received a gift from Nemelex Xobeh
 47805 | Shoals:1 | Killed Labrat's ghost
 48057 | Shoals:3 | Received a gift from Nemelex Xobeh
 48142 | Shoals:3 | Received a gift from Nemelex Xobeh
 48507 | Shoals:3 | Found a large runed translucent door.
 48508 | Shoals:3 | Found a large runed translucent door.
 48509 | Shoals:3 | Noticed DildoBatman's ghost (adept FoCj)
 48938 | Shoals:3 | Killed DildoBatman's ghost
 48943 | Shoals:3 | Identified the amulet of Ifel {Spirit rF++ rCorr MP-9}
 49548 | Lair:3   | Killed Zipteul's ghost
 49589 | Shoals:1 | Killed Liimbo's ghost
 49656 | Shoals:2 | Identified the +0 cloak "Zuidogh" {Dex+3 SInv}
 49803 | Shoals:2 | Killed Lyfunof's ghost
 50110 | Shoals:2 | Killed Kehia's ghost
 50747 | Shoals:4 | Entered Level 4 of the Shoals
 51338 | Shoals:4 | Reached skill level 15 in Fighting
 51514 | Shoals:4 | Reached XP level 22. HP: 175/175 MP: 33/33
 51538 | Shoals:4 | Received a gift from Nemelex Xobeh
 51621 | Shoals:4 | Got a barnacled rune of Zot
 52016 | Shoals:2 | Killed Holunun's ghost
 52250 | Vaults:1 | Entered Level 1 of the Vaults
 52873 | Vaults:1 | Found Beetsu's Assorted Antiques.
 52880 | Vaults:1 | Bought a pair of embroidered boots for 217 gold pieces
 53041 | Vaults:1 | Received a gift from Nemelex Xobeh
 53236 | Vaults:1 | Reached skill level 16 in Fighting
 53935 | Vaults:2 | Received a gift from Nemelex Xobeh
 53999 | Vaults:2 | Reached XP level 23. HP: 184/184 MP: 34/34
 54253 | Vaults:2 | Found a staircase to the Crypt.
 54573 | Vaults:2 | Received a gift from Nemelex Xobeh
 55047 | Vaults:2 | Received a gift from Nemelex Xobeh
 55404 | Vaults:3 | Reached skill level 17 in Fighting
 55742 | Vaults:3 | Identified the +8 hand crossbow of Temperance {elec, rElec
                  | Will+ Str+3}
 55743 | Vaults:3 | Found Lusousheu's Antique Weapon Shop.
 55857 | Vaults:3 | Received a gift from Nemelex Xobeh
 56326 | Vaults:3 | Identified the -1 pair of boots "Susour" {+Inv rElec rF++
                  | Int+4}
 56352 | Vaults:3 | Received a gift from Nemelex Xobeh
 56393 | Vaults:3 | Reached XP level 24. HP: 192/195 MP: 34/34
 57411 | Vaults:4 | Found Romp's Weapon Emporium.
 57519 | Vaults:4 | Found a crumbling gateway.
 57537 | Desolati | Entered the Desolation of Salt
 57594 | Desolati | Identified the +8 fire dragon scales of Nimivyll {rF++ rC-
                  | rN++}
 57660 | Desolati | Identified the +6 demon whip "Punuh" {elec, rF+}
 57842 | Desolati | Identified the ring of Mofiecopp {rF- rCorr Str+4 Slay+3
                  | Stlth+}
 57844 | Desolati | Identified the ring "Ymoi" {Str+5 Dex-2 SInv}
 57847 | Desolati | Identified the +7 mace "Heivoifa" {vorpal, Will+ Str+2
                  | Int+2 Dex-2}
 58088 | Desolati | Reached skill level 18 in Fighting
 58132 | Desolati | Received a gift from Nemelex Xobeh
 58191 | Desolati | Identified the ring "Quiqaci" {rElec rC++ Str-3 Int+3 SInv}
 58199 | Desolati | Identified the +5 falchion of Tehefiho {freeze, rC++ Str-2
                  | Int+3}
 59059 | Vaults:4 | Received a gift from Nemelex Xobeh
 59865 | Vaults:4 | Received a gift from Nemelex Xobeh
 60005 | Vaults:4 | Reached skill level 19 in Fighting
 60170 | Vaults:4 | Reached XP level 25. HP: 207/207 MP: 34/34
 60861 | Depths:1 | Entered Level 1 of the Depths
 60861 | Depths:1 | Noticed Nikola
 60869 | Depths:1 | Killed Nikola
 61467 | Elf:3    | Killed kalagan's ghost
 62012 | Depths:1 | Found Rafeo's Jewellery Shoppe.
 62012 | Depths:1 | Found Obbuxosa's Book Boutique.
 62013 | Depths:1 | Found Neshema's Book Boutique.
 62315 | Depths:1 | Received a gift from Nemelex Xobeh
 62501 | Depths:1 | Found a bloodstained altar of Trog.
 62503 | Depths:1 | Found a shimmering altar of Xom.
 62503 | Depths:1 | Found a shimmering altar of Xom.
 62505 | Depths:1 | Found an opulent altar of Gozag.
 62505 | Depths:1 | Found a glowing silver altar of Zin.
 62505 | Depths:1 | Found an ornate altar of the Wu Jian Council.
 63052 | Depths:2 | Found a one-way gate leading to the halls of Pandemonium.
 63432 | Depths:2 | Found a portal to a secret trove of treasure.
 63471 | Depths:2 | Found Sukh's Armour Emporium.
 63572 | Depths:2 | Found a gateway to a ziggurat.
 63605 | Depths:2 | Got the Tome of Evil
 64086 | Depths:3 | Received a gift from Nemelex Xobeh
 64454 | Depths:3 | Found a corrupted altar of Lugonu.
 64458 | Depths:3 | Found a one-way gate to the infinite horrors of the Abyss.
 64752 | Depths:3 | Reached skill level 20 in Fighting
 64807 | Depths:3 | Gained mutation: You are weak. (Str -2) [a cacodemon]
 65056 | Depths:3 | Received a gift from Nemelex Xobeh
 65095 | Depths:3 | Reached XP level 26. HP: 189/218 MP: 35/35
 65240 | Depths:3 | Identified the +7 mace of the Fifty Places {protect, SInv}
 65772 | Orc:2    | Bought a manual of Armour for 1120 gold pieces
 65868 | D:8      | Bought a potion of might for 40 gold pieces
 65868 | D:8      | Bought 2 potions of ambrosia for 160 gold pieces
 66060 | Vaults:1 | Bought a potion of curing for 87 gold pieces
 66276 | Depths:3 | Identified the -1 trident of Ravage {drain, +Rage}
 67008 | Depths:4 | Received a gift from Nemelex Xobeh
 67339 | Depths:4 | Found the ring of the Octopus King
 67346 | Depths:4 | Identified a ring of the Octopus King {rF+ AC+1 EV+1 Str+1
                  | Int+1 Dex+1}
 67396 | Depths:4 | Found a runed translucent door.
 67450 | Depths:4 | Identified the +6 fustibalus "Lifebane" {vorpal, Str+4}
 67453 | Depths:4 | Identified the +8 quarterstaff "Hayham" {vorpal, Str-2
                  | Int+2 Dex+4}
 67454 | Depths:4 | Identified the ring "Laej" {Str+3 SInv}
 67457 | Depths:4 | Identified the +2 hand crossbow of Mastery {elec, rElec rF+
                  | Will-}
 68256 | Depths:5 | Entered Level 5 of the Depths
 68353 | Depths:5 | Noticed a juggernaut
 68363 | Depths:5 | Killed a juggernaut
 68579 | Depths:5 | Reached skill level 15 in Armour
 68584 | Depths:5 | Reached skill level 21 in Fighting
 68587 | Depths:5 | Reached XP level 27. HP: 202/221 MP: 35/35
 68599 | Depths:5 | Received a gift from Nemelex Xobeh
 68641 | Depths:5 | Found a snail-covered altar of Cheibriados.
 69187 | Depths:5 | Received a gift from Nemelex Xobeh
 69452 | Depths:5 | Reached skill level 10 in Dodging
 69463 | Depths:5 | Reached skill level 22 in Fighting
 69480 | Depths:5 | Acquired the ring of Impatience {Fire Will++ Dex-2}
 69482 | Depths:5 | Acquired the +8 executioner's axe "Mackia" {vorpal, rPois
                  | rCorr Dex-3}
 69859 | Depths:5 | Found a gate to the Realm of Zot.
 69886 | Depths:5 | Identified the +2 pair of boots of the King of the Hill
                  | {Contam Regen+ Dex+6}
 69953 | Depths:5 | Received a gift from Nemelex Xobeh
 70589 | Vaults:5 | Entered Level 5 of the Vaults
 70592 | Vaults:5 | Identified the +1 trident "Asun" {vorpal, rElec Int+5}
 70595 | Vaults:5 | Noticed an ancient lich
 70613 | Vaults:5 | Reached skill level 23 in Fighting
 70638 | Vaults:4 | Killed an ancient lich
 70962 | Vaults:5 | Reached skill level 24 in Fighting
 70977 | Vaults:5 | Identified the +10 hand axe of the Hall of Blades {distort,
                  | +Blink Fly rF- Int+5}
 71126 | Vaults:5 | Identified the +2 battleaxe "Kawnog" {freeze, rC+}
 71126 | Vaults:5 | Identified the +1 leather armour "Afolos" {rElec rC+ rCorr}
 71352 | Vaults:5 | Identified the +7 halberd of Cocytus {vorpal, Int+2}
 71372 | Vaults:5 | Received a gift from Nemelex Xobeh
 71418 | Vaults:5 | Identified the +1 robe "Otili" {Will- Regen+ Str+6}
 71610 | Vaults:5 | Got a silver rune of Zot
 71611 | Vaults:5 | Identified the +4 short sword "Ziasad" {flame, rF++ MP+9}
 72590 | Depths:1 | Bought the ring of the Sparrow {rN+ Slay+3} for 752 gold
                  | pieces
 72726 | Zot:1    | Entered Level 1 of the Realm of Zot
 72888 | Zot:1    | Received a gift from Nemelex Xobeh
 73683 | Zot:2    | Received a gift from Nemelex Xobeh
 73711 | Zot:2    | Reached skill level 25 in Fighting
 74157 | Zot:2    | Received a gift from Nemelex Xobeh
 74497 | Zot:3    | Received a gift from Nemelex Xobeh
 74749 | Zot:3    | Reached skill level 26 in Fighting
 75109 | Zot:4    | Received a gift from Nemelex Xobeh
 75124 | Zot:4    | Noticed a Killer Klown
 75138 | Zot:4    | Killed a Killer Klown
 75200 | Zot:4    | Noticed a Killer Klown
 75207 | Zot:4    | Killed a Killer Klown
 75208 | Zot:4    | Reached skill level 27 in Fighting
 75851 | Zot:5    | Entered Level 5 of the Realm of Zot
 76193 | Zot:5    | Received a gift from Nemelex Xobeh
 76509 | Zot:5    | Noticed a dread lich
 76567 | Zot:5    | Killed a dread lich
 76600 | Zot:5    | Noticed a Killer Klown
 76630 | Zot:5    | Killed a Killer Klown
 76813 | Zot:5    | Noticed an orb of fire
 76828 | Zot:5    | Killed an orb of fire
 76900 | Zot:5    | Identified the +3 buckler of Sitinaxt {rElec rC+}
 76934 | Zot:5    | Noticed a dread lich
 76974 | Zot:5    | Killed a dread lich
 77015 | Zot:5    | Noticed an ancient lich
 77026 | Zot:5    | Killed an ancient lich
 77026 | Zot:5    | Noticed an orb of fire
 77032 | Zot:5    | Gained mutation: Your magical capacity is low. (-10% MP)
                  | [an orb of fire]
 77039 | Zot:5    | Killed an orb of fire
 77163 | Zot:5    | Noticed a Killer Klown
 77166 | Zot:5    | Noticed an ancient lich
 77168 | Zot:5    | Noticed an ancient lich
 77172 | Zot:5    | Killed a Killer Klown
 77178 | Zot:5    | Noticed an orb of fire
 77180 | Zot:5    | Gained mutation: Your magical capacity is very low. (-20%
                  | MP) [an orb of fire]
 77188 | Zot:5    | Gained mutation: You are covered in fur. (AC +1) [an orb of
                  | fire]
 77190 | Zot:5    | Lost mutation: You are dopey. (Int -2) [an orb of fire]
 77191 | Zot:5    | Killed an ancient lich
 77195 | Zot:5    | Gained mutation: You are frail. (-10% HP) [an orb of fire]
 77196 | Zot:5    | Killed an ancient lich
 77197 | Zot:5    | Killed an orb of fire
 77342 | Zot:5    | Noticed a Killer Klown
 77601 | Zot:5    | Received a gift from Nemelex Xobeh
 77798 | Zot:5    | Got the Orb of Zot
 78015 | Depths:2 | Noticed Jirch the pandemonium lord
 78042 | Depths:2 | Killed Jirch the pandemonium lord
 78545 | D:2      | Noticed Noom the pandemonium lord
 78560 | D:1      | Noticed a seraph
 78589 | D:1      | Killed a seraph
 78614 | D:1      | Woot!
 78644 | D:$      | Escaped with the Orb!

Illustrated notes

........#...........###.# #.
#########...........# #.# ##
#..............# #.#######
#.##..........####.......#
#..............A......##.###
#...#####......####...##.##.
#..#.......####....#..##.##.
#...##....#......##..###.##.
###...#....@.#..#...####.##.
###..#####.#.#..........'.
##.......#....##.######.
###.#...#....#)## #.
#.#...#..####.# #.
#..#.#...# ### #. ##..#....#
#. ##[....## #. ##...## #.


Turn 78614 on D:1: Woot!

Levels and vault maps discovered:
D:1:      ebering_trefoil_3fold, layout_basic, basic_ecumenical_altar,
          due_unseen_surprise
D:2:      layout_basic, serial_curves, eino_curves_01, eino_curves_01,
          eino_curves_01, nrook_mini_backslash
D:3:      layout_basic, serial_shops, shop
D:4:      layout_loops_ring, minmay_temple_entry_mist, serial_shops, shop,
          nicolae_zen_rock_garden, uniq_menkaure, uniq_natasha
D:5:      layout_loops_ring, dk_yredelemnul_ordeal,
          cheibrodos_sewer_entry_drain, nicolae_ossuary_entry_ruins,
          grunt_ministairs_4
D:6:      layout_cave_pods, nicolae_elyvilon_peaceful_grove,
          hangedman_decor_opposing
D:7:      layout_basic, roderic_lattice_a
D:8:      layout_loops_corners, serial_shops, nicolae_diamond_shop,
          kennysheep_mini, nicolae_shop_window_shopping,
          kennysheep_generic_room_15
D:9:      layout_stronghold, dpeg_oklobed_lair
D:10:     layout_gridville, lemuel_doored_altar,
          chequers_temple_overflow_minitemple
D:11:     layout_big_octagon, david_orc_3, fedhas_altar_1, uniq_fannar,
          uniq_grum, uniq_sonja
D:12:     kennysheep_big_flooded_room, layout_cave_pools
D:13:     layout_cave_pools, skrybe_vaults_entry_preservation
D:14:     layout_irregular_city, kennysheep_decorative_pillar, minmay_st_funbox,
          lemuel_freeze_loot_1
D:15:     gammafunk_enter_depths_forms, layout_rooms, grunt_ministairs_2,
          minmay_misc_feat_cross
Temple:   regret_index_temple_generic_petals
Lair:1:   layout_roguey, basic_altar, infiniplex_staircase_pool
Lair:2:   layout_cave_shapes, minmay_snake_entry_guardpost_small,
          serial_bayou_shore_b
Lair:3:   layout_hall_layers, minmay_shoals_entry_hut, basic_altar,
          minmay_lair_oklob_chamber
Lair:4:   layout_roguey
Lair:5:   layout_small_grid, minmay_slime_entry_jelly_boxes, worms_lemuel,
          lemuel_fruit_tree, grunt_megastairs_2
Lair:6:   evil_forest, layout_hall_layers
Shoals:1: layout_shoals, ebering_ghost_rock_garden
Shoals:2: layout_shoals, gammafunk_ghost_cemetery, uniq_donald, uniq_polyphemus
Shoals:3: layout_shoals, ebering_ghost_disaster_area,
          nicolae_shoals_circle_sea_wall, nicolae_shoals_so_close
Shoals:4: shoals_end_hellmonk_lost_city
Snake:1:  layout_chambers
Snake:2:  layout_rooms
Snake:3:  layout_grid_maze, grunt_ministairs_4, serial_bayou_shore_a
Snake:4:  grunt_snake_rune_spirals, layout_onion_interference, special_room,
          uniq_aizul
Orc:1:    layout_caves, hangedman_minor_magic
Orc:2:    grunt_orc_tribal_feast, layout_diamond_mine, serial_shops,
          nicolae_shop_trees, nicolae_alphabet_shops
Elf:1:    nicolae_elf_arrival_no_cutting_in_line, layout_rooms,
          evilmike_minifort, einodemon_armed_red_devil_minivault
Elf:2:    nicolae_elf_blades_splatter_lattice [grunt_blade_entry_basic],
          layout_geoelf_diagonals, serial_sigils,
          serial_sigils_hangedman_scratch, serial_sigils_hangedman_shear,
          serial_sigils_hangedman_writhe, serial_sigils_hangedman_shear,
          uniq_asterion
Elf:3:    minmay_elf_hall_hex, layout_geoelf_grid, ebering_ghost_inner_flame
Vaults:1: vaults_mumra_bighexcomb, ontoclasm_vaults_ring_small, v_misc_23,
          v_misc_25, ontoclasm_vaults_fault, nicolae_vaults_asterisk,
          hangedman_vaults_variations, nicolae_vaults_little_squares_4,
          ontoclasm_vaults_pinch, vaults_dpeg_encased_lava, v_misc_18,
          vaults_dpeg_cross, grunt_vaults_hallway_short, layout_vaults_omnibox,
          serial_shops, shop
Vaults:2: v_alt_pattern_5, minmay_crypt_entry_simple_round, v_misc_8, v_rooms_4,
          vaults_room_grid, vaults_dpeg_spiral, v_misc_14,
          hangedman_vaults_maws, nicolae_vaults_alarming, ontoclasm_vaults_spin,
          nicolae_vaults_three_branches, nicolae_vaults_little_ls, v_misc_16,
          layout_vaults_omnicross
Vaults:3: nicolae_vaults_rhombus_6, v_misc_26, v_pattern_3,
          hangedman_vaults_locks, nicolae_vaults_little_squares_2, v_rooms_2,
          nicolae_vaults_murderbox, nicolae_vaults_specimen_jars,
          layout_vaults_chaotic_city, serial_shops, shop
Vaults:4: nicolae_vaults_network_star, ontoclasm_vaults_claustrophobia,
          ontoclasm_vaults_chip, vaults_mumra_chevron, ontoclasm_vaults_hangar,
          nicolae_vaults_yaktaur_gun_rack, vaults_standard_mumra_lines,
          vaults_room_fours, vaults_room_grunt_arrival_checkpoint,
          layout_vaults_omnigrid, portal_desolation_entry_garden, serial_shops,
          shop
Vaults:5
Depths:1: layout_gridlike, minmay_tree_intersection,
          hangedman_tar_grid_catacomb, doesnt_xom_only_xom, minmay_shop_grove,
          serial_bayou_shore_b, uniq_nikola
Depths:2: minmay_the_grid_triangle_9x9_recursive_2
          [minmay_the_grid_triangle_9x9_prize_center,
          minmay_the_grid_triangle_9x9_corrupted_corridor,
          minmay_the_grid_triangle_9x9_minimal,
          minmay_the_grid_triangle_9x9_zippers_horizontal], layout_honeycomb,
          enter_ziggurat_c, chequers_big_river, grunt_hell_entry_dis_mu,
          serial_shops, shop, nicolae_trove_entry_path_of_doom, pan_entry,
          grunt_ministairs_7, infiniplex_staircase_trident
Depths:3: minmay_nested_s, layout_cave_shapes, abyss_entry_flame_altar,
          hell_entry, rand_demon_pan_entry_5
Depths:4: minmay_gate_of_8, layout_cave_pools, nicolae_two_hexagons,
          hangedman_abyss_entry_splay, hell_entry, kennysheep_generic_room_7
Depths:5: lemuel_castle_with_subvaults [lemuel_castle_interior_carwin_1],
          layout_gridlike, minmay_parallelograms, hell_entry, abyss_entry,
          kennysheep_slug_shrine, kennysheep_random_hallway
Zot:1:    layout_gridlike
Zot:2:    layout_basic
Zot:3:    layout_onion_interference, bh_zot_levy_curve
Zot:4:    layout_misc_corridors, grunt_megastairs_1
Zot:5:    layout_cathedral_of_symmetry

Skill      XL: |  1  2  3  4  5  6  7  8  9 10 11 12 13 14 15 16 17 18 19 20 21 22 23 24 25 26 27 |
---------------+----------------------------------------------------------------------------------+-----
Shields        | 4 5 6 7 8 9 10 11 13 14 15 16 17 19 20 24 | 24.3
Invocations    | 1 2 3 4 6 8 9 10 11 12 13 14 15 16 17 19 | 19.1
Axes           | 3 4 5 6 7 9 11 12 13 14 16 17 18 19 21 22 23 24 25 26 | 26.0
Armour         | 4 5 7 8 9 10 11 12 13 15 21 | 21.5
Fighting       | 4 5 7 8 9 10 11 12 13 14 15 16 17 19 20 21 27 | 27.0
Dodging        | 1 3 4 5 6 7 9 11 | 11.6
Crossbows      | 4 6 7 |  7.0

Action                   |  1- 3 |  4- 6 |  7- 9 | 10-12 | 13-15 | 16-18 | 19-21 | 22-24 | 25-27 || total
-------------------------+-------+-------+-------+-------+-------+-------+-------+-------+-------++-------
Melee: War axe           |    81 |    49 |   314 |   330 |   306 |       |       |       |       ||  1080
       Mace              |       |       |       |     3 |       |       |       |       |       ||     3
       Executioner's axe |       |       |       |       |   626 |  1065 |  1131 |  1233 |  2489 ||  6544
       Trident           |       |       |       |       |       |    11 |    28 |       |       ||    39
       Battleaxe         |       |       |       |       |       |       |    61 |       |    20 ||    81
       Great mace        |       |       |       |       |       |       |    27 |    12 |       ||    39
 Fire: Arbalest          |       |       |       |       |       |       |     8 |     3 |       ||    11
Invok: Draw Escape       |       |     2 |       |     1 |    10 |     3 |     9 |     1 |     2 ||    28
       Draw Destruction  |       |       |     1 |    22 |    19 |    17 |    18 |     3 |     5 ||    85
       Deal Four         |       |       |     1 |     2 |     1 |     3 |     2 |     1 |     6 ||    16
       Triple Draw       |       |       |     1 |       |       |       |       |       |       ||     1
       Draw Summoning    |       |       |       |     7 |    12 |     1 |    10 |     2 |     5 ||    37
       Stack Five        |       |       |       |     1 |       |     1 |       |       |     2 ||     4
       Draw Stack        |       |       |       |       |       |     2 |     1 |     2 |     7 ||    12
 Abil: Dig               |     4 |    10 |    15 |    12 |    71 |    78 |    63 |     1 |   110 ||   364
  Use: Scroll            |     4 |     2 |     9 |     4 |     6 |       |     2 |     1 |    16 ||    44
       Potion            |       |       |       |     8 |     2 |     2 |     1 |       |     4 ||    17
 Stab: Petrified         |       |       |       |       |     6 |       |       |       |       ||     6
       Distracted        |       |       |       |       |     1 |       |     2 |     2 |     5 ||    10
Armor: Scale mail        |    35 |     3 |    21 |    23 |     8 |       |       |       |       ||    90
       Chain mail        |       |    11 |   118 |       |   108 |   147 |   169 |    59 |       ||   612
       Leather armour    |       |       |       |    24 |    44 |     9 |       |       |       ||    77
       Plate armour      |       |       |       |       |    60 |       |       |       |       ||    60
       Gold dragon scale |       |       |       |       |       |       |       |   168 |   644 ||   812
Dodge: Dodged            |    30 |    17 |    64 |    78 |   274 |   189 |   181 |   218 |   412 ||  1463
Block: Kite shield       |    31 |    22 |   155 |   163 |   410 |       |       |       |       ||   781
       Tower shield      |       |       |       |       |   185 |  1041 |   984 |  1093 |  2014 ||  5317
       Rpst.: Executioner's axe |       |       |       |       |       |       |       |       |    55 ||    55
